 Dungeon Crawl Stone Soup version 0.20-a0-1122-gb7cbeb9 (webtiles) character file.

6090 Gorglomux the Covert (level 10, -2/79 HPs)
             Began as a Vine Stalker Assassin on May 14, 2017.
             Was a Believer of Trog.
             Slain by a killer bee (7 damage)
             ... on level 9 of the Dungeon.
             The game lasted 00:18:35 (7664 turns).

Gorglomux the Covert (Vine Stalker Assassin)        Turns: 7664, Time: 00:18:36

Health: -2/79      AC:  5    Str: 18    XL:     10   Next: 88%
Magic:  0/11       EV: 14    Int: 11    God:    Trog [**....]
Gold:   236        SH:  0    Dex: 20    Spells: 9/9 levels left

rFire    + . .     SeeInvis .   Q - +2 lajatang (vamp) {!w}
rCold    + . .     Gourm    .   (shield currently unavailable)
rNeg     . . .     Faith    +   c - +0 robe
rPois    +         Spirit   +   j - +2 hat
rElec    .         Reflect  .   A - scarf {rC+ rF+}
rCorr    .         Harm     .   (no gloves)
MR       +....                  H - +0 pair of boots
Stlth    ..........             M - amulet of faith {Faith, !P}
Regen    0.7/turn               m - ring of poison resistance {rPois, !d}
MPRegen  0.2/turn               (no ring)

@: berserking, very quick
A: fangs 3, regeneration 1, magic shield, antimagic bite, no potion heal 3, rot
immunity
a: Berserk, Trog's Hand, Burn Spellbooks, Renounce Religion


You were on level 9 of the Dungeon.
You worshipped Trog.
Trog was pleased with you.
You were very hungry.

You visited 2 branches of the dungeon, and saw 10 of its levels.

You collected 411 gold pieces.
You spent 175 gold pieces at shops.

Inventory:

Hand Weapons
 b - a +0 blowgun
 Q - a +2 vampiric lajatang (weapon) {!w}
   (You found it on level 7 of the Dungeon)
Missiles
 e - 38 poisoned needles
 J - 2 curare-tipped needles
Armour
 c - a +0 robe (worn)
 j - a +2 hat (worn)
   (You found it on level 1 of the Dungeon)
 A - a scarf of resistance (worn)
   (You found it on level 3 of the Dungeon)
 H - a +0 pair of boots (worn)
   (You found it on level 4 of the Dungeon)
Jewellery
 m - a ring of poison resistance (left hand) {rPois, !d}
   (You found it on level 2 of the Dungeon)
 M - an amulet of faith (around neck) {Faith, !P}
   (You found it on level 5 of the Dungeon)
Wands
 f - a wand of digging (8/24)
   (You took it off an orc on level 5 of the Dungeon)
 o - a wand of flame (22/48)
   (You found it on level 2 of the Dungeon)
 z - a wand of lightning (6/15)
   (You found it on level 3 of the Dungeon)
 R - a wand of flame (30/48)
   (You found it on level 7 of the Dungeon)
 T - a wand of iceblast (5/15)
   (You found it on level 7 of the Dungeon)
Scrolls
 i - 2 scrolls of fog {unknown}
 k - 7 scrolls of teleportation
 r - 2 scrolls of immolation {unknown}
 v - 4 scrolls of enchant weapon
 y - 10 scrolls of remove curse
 E - a scroll of noise {unknown}
 F - 2 scrolls of magic mapping {!r}
 G - a scroll of fear {unknown}
 I - a scroll of silence {unknown}
 L - a scroll of identify
 S - a scroll of recharging {unknown}
 V - a scroll of amnesia {unknown}
Potions
 a - a potion of flight {unknown}
 d - a potion of brilliance {unknown}
 h - a potion of degeneration {unknown}
 l - 3 potions of mutation {unknown}
 n - 2 potions of might {unknown}
 s - 3 potions of haste
 t - 3 potions of lignification {unknown}
 u - 3 potions of agility
 x - 2 potions of heal wounds {unknown}
 B - a potion of invisibility {unknown}
 C - 5 potions of curing
 D - a potion of resistance {unknown}
Comestibles
 g - 10 bread rations {@e1@e1}
 p - 18 fruits
 q - 4 meat rations {@e2@e2}
 w - 4 chunks of flesh {@w0@w0}
 O - a royal jelly


   Skills:
 * Level 5.9 Fighting
   Level 7.4 Short Blades
 * Level 7.0 Staves
 - Level 1.7 Throwing
 + Level 3.7 Dodging
 - Level 12.1 Stealth


You had 9 spell levels left.
You didn't know any spells.

Dungeon Overview and Level Annotations

Branches:
Dungeon (9/15)             Temple (1/1) D:6            Lair (0/6) D:9
    Orc: D:9-12

Altars:
Ashenzari
Cheibriados
Dithmenos
Elyvilon
Fedhas
Gozag
Hepliaklqana
Kikubaaqudgha
Makhleb
Nemelex Xobeh
Okawaru
Qazlal
Ru
Sif Muna
Trog
Uskayaw
Vehumet
Wu Jian
Xom
Yredelemnul
Zin
The Shining One

Shops:
D:4 ?


Innate Abilities, Weirdness & Mutations

You have razor-sharp teeth.
Your natural rate of healing is unusually fast.
When hurt, damage is shared between your health and your magic reserves.
Your bite disrupts and absorbs the magic of your enemies.
Potions cannot restore your health.
You are immune to rotting.


Message History

The killer bee buzzes angrily.
You slash the hippogriff!
You feel better.
You bite the hippogriff, but do no damage.
The hippogriff bites you. The hippogriff barely misses you.
The hippogriff closely misses you.
A killer bee comes into view.
You take 2 damage, and have 48/51 hp.
The killer bee buzzes angrily.
You hit the hippogriff.
You feel better.
You kill the hippogriff!
Trog accepts your kill. 2 killer bees come into view.
Health restored: 51 No reachable target in view!
No reachable target in view!
You drop a scroll of remove curse.
y - 10 scrolls of remove curse (gained 1) Drop what? 44/52 slots (_ for help) (? for menu, Esc to quit)
Okay, then.
Put on which piece of jewellery? (? for menu, Esc to quit)
Okay, then.
As you read the scroll of identify, it crumbles to dust.
s - 3 potions of haste You see here 4 tomahawks.
You slash the killer bee! Your bite misses the killer bee.
The killer bee misses you.
You miss the killer bee.
The killer bee buzzes angrily.
Your bite misses the killer bee. The killer bee closely misses you.
The killer bee stings you but does no damage.
You closely miss the killer bee. You bite the killer bee. You drain its power.
The killer bee closely misses you. The killer bee stings you.
You take 4 damage, and have 47/51 hp.
The killer bee buzzes angrily.
You slash the killer bee!
You feel better. The killer bee completely misses you.
The killer bee barely misses you.
Health restored: 51 You completely miss the killer bee.
The killer bee stings you but does no damage.
The killer bee completely misses you. The killer bee barely misses you.
You slash the killer bee!
You kill the killer bee!
Trog accepts your kill.
You can now call upon Trog for regeneration and protection from hostile enchantments.
The killer bee closely misses you.
A red film seems to cover your vision as you go berserk!
You feel yourself moving faster!
You feel mighty!
You are feeling very hungry.
The killer bee stings you. x2
You now have 72/76 hp.
You miss the killer bee. Your bite misses the killer bee.
The killer bee stings you.
You take 2 damage, and have 70/76 hp.
You closely miss the killer bee. Your bite misses the killer bee.
The killer bee stings you! The killer bee misses you.
You take 6 damage, and have 64/76 hp.
You now have 10/11 mp.
You completely miss the killer bee. Your bite misses the killer bee.
The killer bee stings you!
You take 8 damage, and have 56/76 hp.
You now have 9/11 mp.
You slice the killer bee!!
You kill the killer bee!
Trog accepts your kill.
You barely miss the two-headed ogre.
The two-headed ogre hits you with a giant club!!
The two-headed ogre hits you with a giant spiked club!
* * * LOW HITPOINT WARNING * * *
You take 40 damage, and have 17/76 hp.
MASSIVE DAMAGE!!
You now have 3/11 mp.
You barely miss the two-headed ogre. Your bite misses the two-headed ogre.
You slice the two-headed ogre!!
You feel better.
You bite the two-headed ogre! You drain its power.
You feel invigorated.
The two-headed ogre hits you with a giant club!
* * * LOW HITPOINT WARNING * * *
The two-headed ogre hits you with a giant spiked club!
* * * LOW HITPOINT WARNING * * *
You take 6 damage, and have 12/76 hp.
You slice the two-headed ogre!!
You feel better.
You feel the power of Trog in you as your rage grows.
You kill the two-headed ogre!
Trog accepts your kill.
Your Staves skill increases to level 7!
You regained 3 hp, and now have 15/79 hp.
You miss the killer bee. The killer bee stings you!
* * * LOW HITPOINT WARNING * * *
The killer bee barely misses you.
You take 6 damage, and have 9/79 hp.
You now have 2/11 mp.
You miss the killer bee. The killer bee completely misses you.
Unknown command.
You miss the killer bee. You bite the killer bee! You drain its power.
You feel invigorated. The killer bee barely misses you.
You regained 2 mp, and now have 4/11 mp.
You slice the killer bee!!
You kill the killer bee!
Trog accepts your kill. The killer bee stings you!
* * * LOW HITPOINT WARNING * * *
You take 5 damage, and have 5/79 hp.
You now have 2/11 mp.
You completely miss the killer bee. The killer bee stings you!
You die...

#.. .###
#..# ...#
#..# ...#
#..# ...#
#..# ...#
#..# ...#
#..####...#
#..@yy....#
##.####...#
....... #.#
#...#
#...(<. #.#
#...#
#...... #.#


#yyy# #...... #(# #yy.# #...... #.# #O..# #...... #.# #...# #......
#.###########...... You could see 2 killer bees.

Vanquished Creatures
  A two-headed ogre (D:9)
  Pikel (D:7)
  Prince Ribbit (D:5)
  4 hippogriffs
  A spriggan (D:7)
  Sigmund (D:2)
  8 yaks
  An orc warrior (D:8)
  A slave (D:7)
  2 ice beasts
  A black bear (D:8)
  3 ogres
  A phantom (D:5)
  A necrophage (D:7)
  A centaur (D:8)
  5 bullfrogs
  A wyvern skeleton (D:7)
  3 scorpions
  3 killer bees (D:9)
  4 howler monkeys
  2 crimson imps
  6 orc priests
  3 hounds
  2 orc wizards (D:3)
  5 iguanas
  2 jellies
  Jessica (D:2)
  Terence (D:2)
  4 worker ants
  A hound zombie (D:5)
  A hound skeleton (D:7)
  A howler monkey zombie (D:6)
  A worker ant zombie (D:7)
  12 adders
  4 gnolls
  A shadow imp (D:8)
  An ooze (D:6)
  3 adder skeletons
  5 leopard geckos
  27 orcs
  5 bats
  8 giant cockroaches
  7 goblins
  3 hobgoblins
  3 jackals (D:4)
  3 kobolds
  7 quokkas
  A ball python (D:1)
  4 frilled lizards
  A quokka skeleton (D:4)
  2 rats (D:1)
171 creatures vanquished.

Notes
Turn   | Place    | Note
-------+----------+-------------------------------------------
     0 | D:1      | Gorglomux the Vine Stalker Assassin began the quest for the Orb.
     0 | D:1      | Reached XP level 1. HP: 11/11 MP: 2/2
    67 | D:1      | Reached skill level 5 in Stealth
    69 | D:1      | Reached skill level 2 in Short Blades
   121 | D:1      | Reached XP level 2. HP: 15/15 MP: 3/3
   122 | D:1      | Gorglomux: !rng win loose
   122 | D:1      | beem: The RNG chooses: win.
   122 | D:1      | Gorglomux: the rng said it
   459 | D:1      | Reached XP level 3. HP: 18/18 MP: 4/4
   624 | D:2      | Noticed Sigmund
   649 | D:2      | Killed Sigmund
   649 | D:2      | Reached skill level 3 in Short Blades
   649 | D:2      | Reached skill level 6 in Stealth
   649 | D:2      | Gained mutation: Your natural rate of healing is unusually fast. [Vine Stalker growth]
   649 | D:2      | Reached XP level 4. HP: 23/23 MP: 5/5
   649 | D:2      | Reached XP level 5. HP: 26/26 MP: 6/6
   763 | D:2      | Found a sacrificial altar of Ru.
   821 | D:2      | Found a radiant altar of Vehumet.
   896 | D:2      | Reached skill level 7 in Stealth
   914 | D:2      | Noticed Terence
   916 | D:2      | Found a faded altar of an unknown god.
   918 | D:2      | Killed Terence
   918 | D:2      | Reached skill level 4 in Short Blades
   918 | D:2      | Reached XP level 6. HP: 30/30 MP: 7/7
  1275 | D:2      | Noticed Jessica
  1291 | D:2      | Killed Jessica
  1824 | D:3      | Found a white marble altar of Elyvilon.
  1832 | D:3      | Became a worshipper of Elyvilon the Healer
  1902 | D:3      | Found a glowing golden altar of the Shining One.
  2133 | D:4      | Gorglomux: !rng sling blow
  2133 | D:4      | beem: The RNG chooses: sling.
  2141 | D:4      | Found an ornate altar of the Wu Jian Council.
  2182 | D:4      | Reached skill level 8 in Stealth
  2193 | D:4      | Reached XP level 7. HP: 16/34 MP: 8/8
  2429 | D:4      | Reached * piety under Elyvilon
  2491 | D:4      | Found Toushry's Magic Scroll Boutique.
  2503 | D:4      | Reached skill level 5 in Short Blades
  2519 | D:4      | Bought a scroll of identify for 26 gold pieces
  2519 | D:4      | Bought a scroll of teleportation for 39 gold pieces
  2519 | D:4      | Bought a scroll of identify for 26 gold pieces
  2519 | D:4      | Bought a scroll of magic mapping for 45 gold pieces
  2519 | D:4      | Bought a scroll of remove curse for 39 gold pieces
  2554 | D:4      | Found an iron altar of Okawaru.
  2807 | D:4      | Found a glowing silver altar of Zin.
  2985 | D:5      | Entered Level 5 of the Dungeon
  3109 | D:5      | Noticed Prince Ribbit
  3123 | D:5      | Killed Prince Ribbit
  3123 | D:5      | Reached skill level 9 in Stealth
  3207 | D:5      | Gained mutation: You have razor-sharp teeth. [Vine Stalker growth]
  3207 | D:5      | Reached XP level 8. HP: 17/38 MP: 4/9
  3383 | D:5      | Reached skill level 6 in Short Blades
  3598 | D:5      | Found a sparkling altar of Nemelex Xobeh.
  3679 | D:5      | Reached ** piety under Elyvilon
  3851 | D:5      | Found a blossoming altar of Fedhas.
  3942 | D:5      | Reached skill level 10 in Stealth
  3952 | D:6      | Found a staircase to the Ecumenical Temple.
  3979 | Temple   | Entered the Ecumenical Temple
  4030 | Temple   | Gorglomux: no dith come on
  4194 | D:6      | PeterMcNeter: can't be much longer
  4736 | D:7      | Reached skill level 7 in Short Blades
  4752 | D:7      | Reached *** piety under Elyvilon
  4756 | D:7      | Noticed a spriggan baker
  4758 | D:7      | Killed a spriggan baker
  4758 | D:7      | Reached skill level 11 in Stealth
  4802 | D:7      | Gorglomux: sry my game crashed
  4818 | D:7      | Reached XP level 9. HP: 40/42 MP: 10/10
  4847 | D:7      | Gorglomux: :)
  4848 | D:7      | PeterMcNeter: no problem
  4855 | D:7      | Fell from the grace of Elyvilon
  4913 | D:7      | Gorglomux: sorry ely, the laj was better than you
  4928 | D:7      | Reached skill level 1 in Staves
  4999 | D:7      | Reached skill level 2 in Staves
  5123 | D:6      | Reached skill level 3 in Staves
  5161 | D:7      | Reached skill level 12 in Stealth
  5228 | D:7      | Reached skill level 4 in Staves
  5305 | Temple   | Became a worshipper of Trog the Wrathful
  5363 | D:7      | Noticed Pikel
  5433 | D:7      | Killed Pikel
  5433 | D:7      | Reached skill level 2 in Fighting
  5433 | D:7      | Reached skill level 1 in Dodging
  5869 | D:7      | Reached skill level 3 in Fighting
  5936 | D:8      | Reached skill level 5 in Staves
  5939 | D:8      | Reached skill level 2 in Dodging
  5939 | D:8      | Reached XP level 10. HP: 49/49 MP: 11/11
  6364 | D:8      | Reached skill level 4 in Fighting
  6427 | D:8      | Reached * piety under Trog
  7068 | D:9      | HP: 12/51 [hippogriff (7)]
  7153 | D:9      | Found a staircase to the Lair.
  7181 | D:9      | Reached skill level 6 in Staves
  7276 | D:9      | Reached skill level 3 in Dodging
  7290 | D:9      | Reached skill level 5 in Fighting
  7464 | D:9      | Found an ancient bone altar of Kikubaaqudgha.
  7583 | D:9      | Found a shattered altar of Ashenzari.
  7594 | D:9      | Found a shadowy altar of Dithmenos.
  7615 | D:9      | Noticed a two-headed ogre
  7650 | D:9      | Reached ** piety under Trog
  7656 | D:9      | HP: 17/76 [two-headed ogre/giant club (14)]
  7659 | D:9      | Killed a two-headed ogre
  7659 | D:9      | Reached skill level 7 in Staves
  7663 | D:9      | HP: 5/79 [killer bee (5)]
  7664 | D:9      | Slain by a killer bee

Vault maps used:
D:1:      dpeg_arrival_water_temple_mockup
D:2:      fiery_altar_vehumet, chequers_ecumenical_altar_island,
          nicolae_ru_sacrificial_ziggurat, uniq_sigmund, uniq_terence,
          uniq_jessica
D:3:      elyvilon_altar_3, nrook_mini_backslash, minivault_26, tso_metal_star
D:4:      old_standard_altar, lemuel_coloured_pillars_altar, zin_scriptorium,
          serial_shops, shop_scrolls, corexii_corridor_pit
D:5:      kennysheep_mini, fedhas_altar_fruit_tree, first_bread,
          uniq_prince_ribbit1
D:6:      minmay_temple_entry_trees, minmay_gold_behind_fungi
D:7:      nicolae_ossuary_entry_ruins, the_bakery, uniq_pikel
D:9:      lemuel_round_altar, amethyst_overflow_temple_binary,
          serial_co_window_serial, co_window_paths_a, co_window_corner_a,
          co_window_paths_a, co_window_of_opportunity_a, co_window_corner_a,
          co_window_corner_cb, co_window_of_opportunity_c, co_window_cross_2,
          co_window_of_opportunity_b, co_window_unsneaky_path_b,
          co_window_4corner_a, co_window_paths_d, glass_columns_c,
          glass_columns_b, glass_columns_c, uniq_joseph
Temple:   nicolae_temple_x_marks_the_god

Skill      XL: |  1  2  3  4  5  6  7  8  9 10 |
---------------+-------------------------------+-----
Stealth        | 5 6 7 8 9 11 12 | 12.1
Short Blades   | 2 3 4 5 7 |  7.4
Staves         | 5 7 |  7.0
Fighting       | 3 5 |  5.9
Dodging        | 2 3 |  3.7
Throwing       | |  1.7

Action                   |  1- 3 |  4- 6 |  7- 9 | 10-12 || total
-------------------------+-------+-------+-------+-------++-------
Melee: Dagger            |    31 |   123 |   227 |       ||   381
       Bite              |     5 |    38 |   113 |    40 ||   196
       Lajatang          |       |       |    95 |   145 ||   240
 Fire: Blowgun           |     7 |    17 |    12 |       ||    36
       Hunting sling     |       |       |     8 |       ||     8
Invok: Renounce Religion |       |       |     1 |       ||     1
       Berserk           |       |       |       |     3 ||     3
       Burn Spellbooks   |       |       |       |     1 ||     1
Evoke: Wand              |       |       |     1 |       ||     1
  Use: Scroll            |       |     1 |     3 |     1 ||     5
 Stab: Sleeping          |     6 |     7 |    18 |     3 ||    34
       Distracted        |       |       |     2 |       ||     2
  Eat: Chunk             |       |     4 |    11 |     5 ||    20
       Fruit             |       |       |     7 |       ||     7
       Royal jelly       |       |       |       |     1 ||     1
Armor: Robe              |     6 |    36 |    62 |    29 ||   133
Dodge: Dodged            |     9 |    72 |   188 |    96 ||   365

Vault maps used:
D:1:      dpeg_arrival_water_temple_mockup
D:2:      fiery_altar_vehumet, chequers_ecumenical_altar_island,
          nicolae_ru_sacrificial_ziggurat, uniq_sigmund, uniq_terence,
          uniq_jessica
D:3:      elyvilon_altar_3, nrook_mini_backslash, minivault_26, tso_metal_star
D:4:      old_standard_altar, lemuel_coloured_pillars_altar, zin_scriptorium,
          serial_shops, shop_scrolls, corexii_corridor_pit
D:5:      kennysheep_mini, fedhas_altar_fruit_tree, first_bread,
          uniq_prince_ribbit1
D:6:      minmay_temple_entry_trees, minmay_gold_behind_fungi
D:7:      nicolae_ossuary_entry_ruins, the_bakery, uniq_pikel
D:9:      lemuel_round_altar, amethyst_overflow_temple_binary,
          serial_co_window_serial, co_window_paths_a, co_window_corner_a,
          co_window_paths_a, co_window_of_opportunity_a, co_window_corner_a,
          co_window_corner_cb, co_window_of_opportunity_c, co_window_cross_2,
          co_window_of_opportunity_b, co_window_unsneaky_path_b,
          co_window_4corner_a, co_window_paths_d, glass_columns_c,
          glass_columns_b, glass_columns_c, uniq_joseph
Temple:   nicolae_temple_x_marks_the_god

Table legend:
 A = Turns spent in this place as a percentage of turns spent in the entire game.
 B = Non-inter-level travel turns spent in this place as a percentage of non-inter-level travel turns spent in the entire game.
 C = Inter-level travel turns spent in this place as a percentage of turns spent in this place.
 D = Turns resting spent in this place as a percentage of non-inter-level travel turns spent in this place.
 E = Turns spent auto-exploring this place as a percentage of non-inter-level travel turns spent in this place.
 F = Non-inter-level travel turns spent in this place divided by the number of levels of this place that you've seen.
                   A       B       C       D       E      F
               +-------+-------+-------+-------+-------+----------------------
         Total | 100.0 | 100.0 |   0.9 |   2.3 |   8.5 | 267.7
       Dungeon |  99.2 |  99.3 |   0.9 |   2.3 |   8.3 | 295.2
        Temple |   0.8 |   0.7 |   9.1 |   0.0 |  30.0 |  20.0
               +-------+-------+-------+-------+-------+----------------------

Table legend:
 A = Kills in this place as a percentage of kills in entire the game.
 B = Kills by you in this place as a percentage of kills by you in the entire game.
 C = Kills by friends in this place as a percentage of kills by friends in the entire game.
 D = Other kills in this place as a percentage of other kills in the entire game.
 E = Experience gained in this place as a percentage of experience gained in the entire game.
 F = Experience gained in this place divided by the number of levels of this place that you have seen.
                   A       B       C       D       E      F
               +-------+-------+-------+-------+-------+----------------------
         Total | 100.0 | 100.0 |  -nan |  -nan | 100.0 | 870.0
       Dungeon | 100.0 | 100.0 |  -nan |  -nan | 100.0 | 966.7
               +-------+-------+-------+-------+-------+----------------------
